Map: Ulrena

Players

ShoWTimE - Winner!

  • Race: Protoss Protoss

Nerchio

  • Race: Zerg Zerg
  • League: Grandmaster

Event: DreamHack ROCCAT LotV Championship

VOD

Have the link to the VOD?

Description

Time

  • Played on: Nov. 28, 2015, 9:34 a.m.
  • Length: 8:19

All games in this series

Show
View Real Time Build Order
Export as new Build Order

ShoWTimE Protoss - Winner!

Build Orders: 1 Gate Expand 

Get SALT Encoding   

  12  0:00  Probe (Chrono Boost)  
  13  0:11  Probe (Chrono Boost)  
  14  0:17  Pylon  
  14  0:22  Probe (Chrono Boost)  
  15  0:36  Probe (Chrono Boost)  
  15  0:38  Gateway  
  16  0:44  Assimilator  
  16  0:46  Probe (Chrono Boost)  
  18  0:57  Probe (Chrono Boost)  
  18  1:07  Probe (Chrono Boost)  
  19  1:25  Nexus  
  19  1:36  Cybernetics Core  
  20  1:40  Probe (Chrono Boost)  
  20  1:49  Assimilator  
  20  1:50  Probe (Chrono Boost)  
  21  1:59  Pylon  
  21  2:01  Probe (Chrono Boost)  
  22  2:11  Probe (Chrono Boost)  
  23  2:18  Adept (Chrono Boost)  
  23  2:21  Warp Gate  
  25  2:23  Mothership Core (Chrono Boost)  
  27  2:38  Probe (Chrono Boost)  
  27  2:41  Adept  
  27  2:43  Probe (Chrono Boost)  
  31  2:48  Probe (Chrono Boost)  
  32  2:54  Probe (Chrono Boost)  
  33  2:59  Probe (Chrono Boost)  
  33  3:04  Probe (Chrono Boost)  
  35  3:08  Robotics Facility  
  35  3:09  Probe (Chrono Boost)  
  36  3:15  Probe (Chrono Boost)  
  36  3:16  Pylon  
  37  3:20  Probe (Chrono Boost)  
  37  3:26  Probe (Chrono Boost)  
  39  3:31  Probe (Chrono Boost)  
  38  3:36  Gateway, Probe (Chrono Boost)  
  40  3:41  Probe (Chrono Boost)  
  40  3:42  Gateway  
  40  3:46  Gateway  
  40  3:47  Probe (Chrono Boost)  
  41  3:51  Probe (Chrono Boost)  
  42  3:56  Probe (Chrono Boost), Warp Prism (Chrono Boost)  
  42  4:01  Pylon  
  45  4:03  Probe  
  45  4:06  Probe  
  47  4:13  Pylon  
  47  4:15  Probe  
  47  4:16  Probe  
  48  4:21  Assimilator  
  48  4:23  Assimilator  
  49  4:28  Probe, Immortal (Chrono Boost)  
  54  4:37  Adept x2  
  58  4:42  Adept x2  
  58  4:45  Pylon  
  62  5:00  Gateway  
  62  5:02  Immortal (Chrono Boost)  
  66  5:10  Sentry x3  
  66  5:21  Gateway  
  66  5:25  Gateway  
  64  5:30  Adept  
  64  5:34  Adept x3  
  72  5:36  Immortal (Chrono Boost)  
  76  5:43  Pylon  
  76  5:49  Pylon  
  76  6:01  Pylon  
  76  6:03  Stalker x3  
  82  6:14  Stalker x2  
  86  6:24  Pylon  
  86  6:28  Pylon  
  86  6:40  Adept x4  
  86  6:41  Adept x3  
  86  6:45  Pylon  
  100  6:48  Pylon  
  100  6:49  Observer (Chrono Boost)  
  101  7:01  Sentry  
  101  7:02  Sentry x2, Stalker x2  
  101  7:05  Stalker x2  
  109  7:30  Adept x3  
  109  7:31  Adept x2  
  109  7:36  Adept x2  
  113  7:51  Stalker x3  
  113  7:52  Stalker  
  113  7:54  Sentry  
  121  8:01  Adept x2  
Show
View Real Time Build Order
Export as new Build Order

Nerchio Zerg 

Build Orders: Hatch First 

Get SALT Encoding   

  12  0:00  Drone  
  13  0:12  Overlord  
  13  0:17  Drone  
  14  0:30  Drone x2  
  14  0:34  Drone  
  17  0:56  Hatchery  
  16  0:57  Drone  
  16  1:02  Drone  
  18  1:20  Drone, Spawning Pool  
  18  1:24  Drone  
  18  1:28  Drone  
  19  1:53  Drone  
  20  1:54  Hatchery  
  19  2:06  Queen  
  19  2:07  Zergling x2  
  22  2:08  Zergling x4  
  24  2:18  Queen  
  24  2:22  Drone  
  27  2:24  Drone  
  28  2:30  Overlord  
  28  2:36  Overlord  
  28  2:50  Drone x3  
  30  2:51  Drone  
  30  2:55  Drone  
  31  3:00  Queen  
  31  3:03  Drone  
  31  3:05  Drone  
  34  3:06  Drone  
  34  3:09  Extractor  
  34  3:10  Extractor  
  33  3:14  Queen  
  33  3:18  Zergling x2  
  33  3:19  Zergling x2  
  37  3:22  Zergling x2  
  37  3:30  Drone x3  
  37  3:33  Drone  
  41  3:34  Drone  
  41  3:37  Drone  
  41  3:38  Drone  
  43  3:41  Drone  
  43  3:44  Drone  
  43  3:46  Drone  
  46  3:49  Drone  
  46  3:53  Overlord  
  47  3:56  Drone  
  47  3:57  Drone  
  49  4:04  Roach Warren  
  49  4:08  Overlord  
  47  4:16  Spore Crawler  
  46  4:18  Drone  
  46  4:21  Drone x2  
  46  4:22  Drone  
  46  4:23  Overlord  
  46  4:24  Overlord  
  50  4:27  Metabolic Boost  
  50  4:43  Roach x2  
  50  4:44  Drone, Roach x4  
  63  4:46  Drone  
  63  4:48  Drone  
  63  4:49  Drone  
  63  4:51  Drone  
  63  4:52  Drone  
  68  4:54  Drone  
  68  4:56  Drone  
  68  4:57  Drone  
  71  5:01  Overlord  
  71  5:05  Drone  
  71  5:06  Drone x2  
  74  5:09  Drone x2  
  74  5:10  Drone  
  73  5:17  Drone x2  
  73  5:18  Drone  
  72  5:22  Drone x5  
  72  5:27  Overlord, Extractor  
  72  5:28  Extractor  
  74  5:31  Overlord  
  74  5:33  Lair  
  75  5:38  Overlord  
  75  5:43  Zergling x12  
  75  5:47  Ravager x2  
  83  5:52  Ravager  
  83  5:53  Zergling x10  
  83  5:57  Overlord  
  89  5:58  Zergling x2  
  89  6:03  Spine Crawler  
  89  6:04  Overlord  
  89  6:05  Drone x5  
  89  6:06  Drone  
  93  6:15  Drone x3  
  93  6:17  Drone  
  92  6:20  Drone x2  
  92  6:21  Drone x2, Extractor  
  92  6:23  Extractor  
  92  6:24  Evolution Chamber  
  92  6:28  Ravager  
  92  6:29  Drone x2  
  97  6:33  Roach x3  
  97  6:37  Roach x3  
  107  6:43  Queen x3  
  107  6:46  Overlord  
  113  6:47  Overlord  
  113  6:50  Overlord  
  113  6:52  Overlord  
  110  7:03  Ravager x3  
  110  7:05  Overlord  
  110  7:07  Roach x5  
  110  7:08  Roach  
  124  7:09  Roach  
  124  7:10  Roach  
  124  7:12  Roach  
  124  7:17  Roach x2  
  124  7:20  Roach  
  124  7:21  Roach  
  125  7:25  Roach  
  125  7:26  Roach  
  125  7:27  Roach  
  125  7:29  Roach  
  120  7:31  Roach  
  120  7:34  Roach  
  113  7:39  Roach  
  113  7:43  Roach  
  104  7:54  Roach x2  
  104  7:56  Ravager  

Tags
 
Add a new tag
Caveats
  • Supply blocks, unpowered buildings, or Contaminate may cause inaccurate times.
  • Supply counts are checked every 10 seconds.